cohdb
Replays
Latest Replays
All Replays
Popular Replays
Top Player Replays
Match Explorer
How It Works
Community
CoH3 Stats
Reddit
Sign in to upload your games and track your stats! →
Sign in with Steam
Match 46085718
Unlisted
Match 46085718
Overview
Messages
Build Orders
End
Construct Barracks
Riflemen Squad
Riflemen Squad
M1 Mortar Team
Grenade Package
Mechanized Support Center
Construct Motor Pool
M16 Multiple Gun Motor Carriage
M3 75 mm Gun Motor Carriage
M16 Multiple Gun Motor Carriage
M1918 Browning Automatic Rifles
Selects Heavy Weapons
Selects Assault Carriers
Selects Exchangeable Parts
M3 75 mm Gun Motor Carriage
Selects M2HB .50cal Heavy Machine Gun
M1 Anti-tank Gun Team
M1 Anti-tank Gun Team
Riflemen Squad
Riflemen Squad
Riflemen Squad
Bran
DrewP
Dillbro
Truax
Arimember
Steel Striker
Father of Frogs
AnticRizen1
0
0
Comments
sign in to comment!
No comments posted yet!